 Dungeon Crawl Stone Soup version 0.24.0-13-gcf9b319 (webtiles) character file.

Game seed: 3006776866176515846, levelgen mode: deterministic

576 okapi the Firebug (level 7, -2/36 HPs)
             Began as a Deep Elf Fire Elementalist on Jan 2, 2020.
             Was a Follower of Sif Muna.
             Slain by a gnoll
             ... wielding a +0 spear
              (7 damage)
             ... on level 5 of the Dungeon.
             The game lasted 00:29:41 (7200 turns).

okapi the Firebug (Deep Elf Fire Elementalist)      Turns: 7200, Time: 00:29:43

Health: -2/36      AC:  3    Str:  5    XL:     7   Next: 13%
Magic:  17/26      EV: 13    Int: 22    God:    Sif Muna [*.....]
Gold:   404        SH:  0    Dex: 15    Spells: 4/17 levels left

rFire    . . .     SeeInvis .   d - +0 dagger
rCold    . . .     Gourm    .   (no shield)
rNeg     . . .     Faith    .   a - +1 robe
rPois    .         Spirit   .   (no helmet)
rElec    .         Reflect  .   (no cloak)
rCorr    .         Harm     .   (no gloves)
MR       .....                  (no boots)
Stlth    ++........             (no amulet)
HPRegen  0.12/turn              k - ring of magical power
MPRegen  0.20/turn              l - ring of flight

@: about to teleport
A: no striking features
a: Channel Magic, Renounce Religion, Evoke Flight


You were on level 5 of the Dungeon.
You worshipped Sif Muna.
Sif Muna was aware of your devotion.
You were hungry.

You visited 2 branches of the dungeon, and saw 6 of its levels.

You collected 404 gold pieces.

Inventory:

Hand Weapons
 d - a +0 dagger (weapon)
Missiles
 i - 188 stones (quivered)
Armour
 a - a +1 robe (worn)
Jewellery
 k - a ring of magical power (left hand)
 l - a ring of flight (right hand)
Wands
 f - a wand of digging (5)
 o - a wand of iceblast (6)
Scrolls
 b - 2 scrolls of amnesia
 e - 13 scrolls of remove curse
 m - 3 scrolls of teleportation
 p - a scroll of identify
 q - 2 scrolls of fear
Potions
 h - a potion of brilliance
 j - a potion of cancellation
 r - a potion of invisibility
 s - a potion of haste
 t - a potion of might
Comestibles
 c - 4 rations
 g - 2 chunks of flesh


   Skills:
 - Level 2.4 Dodging
 - Level 2.4 Stealth
 + Level 5.7 Spellcasting
 * Level 5.0 Conjurations
 + Level 6.1 Fire Magic


You had 4 spell levels left.
You knew the following spells:

 Your Spells              Type           Power        Failure   Level  Hunger
a - Flame Tongue          Conj/Fire      ####.        1%          1    None
b - Conjure Flame         Conj/Fire      ####....     2%          3    ##.....
c - Sticky Flame          Conj/Fire      ####....     10%         4    ####...
d - Fireball              Conj/Fire      ####......   26%         5    #####..

Your spell library contained the following spells:

 Spells                   Type           Power        Failure   Level  Hunger
 Throw Flame              Conj/Fire      ####..       1%          2    None
 Inner Flame              Hex/Fire       ###.....     8%          3    ##.....


Dungeon Overview and Level Annotations

Branches:
Dungeon (5/15)             Temple (1/1) D:4

Altars:
Ashenzari
Cheibriados
Dithmenos
Fedhas
Hepliaklqana
Kikubaaqudgha
Makhleb
Ru
Sif Muna
Trog
Vehumet
Wu Jian
Xom
The Shining One

Annotations:
D:4 1 runed translucent door, Crazy Yiuf


Message History

You kill the gnoll!
Sif Muna accepts your kill.
You can now call upon Sif Muna for magical energy.
The gnoll hits you from afar with a +0 spear!
* * * LOW HITPOINT WARNING * * *
Okay, then.
As you read the scroll of teleportation, it crumbles to dust.
You feel strangely unstable. The gnoll hits you but does no damage.
Casting: Flame Tongue (safe; 1% risk of failure)
Confirm with . or Enter, or press ? or * to list all spells.
Aiming: Flame Tongue (safe; 1% risk of failure)
Press: ? - help, Shift-Dir - straight line, f - gnoll
Aim: a gnoll, wielding a +0 spear The flame tongue hits the gnoll.
The gnoll is moderately wounded.
The orc wizard casts a spell at you. The magic dart hits you.
* * * LOW HITPOINT WARNING * * *
The gnoll hits you from afar with a +0 spear!
You die...

# ... #............... ...
#............ .# ... ..
.........o....##.### . #
##.....................#..
.... ......................
#... #.......)g......# ...
#..###.....).).....## .....
#.........@........# #....#
#............#..## #.....
#)........#.###.# #....
###.........### #.### #....
#..(........# ##...###....
##..........# ##...........
#.....#....###....#.......
##.(...##...##.........#...
#..#....#...#..........#...


You could see an orc wizard and a gnoll.

Vanquished Creatures
  An ogre (D:4)
  A centaur (D:5)
  A scorpion (D:5)
  A howler monkey (D:4)
  A hound (D:5)
  An orc priest (D:5)
  4 worker ants
  Terence (D:2)
  2 gnolls (D:5)
  4 adders
  A shadow imp (D:5)
  2 oozes (D:2)
  3 worms
  3 dart slugs
  2 leopard geckos
  6 orcs (D:5)
  4 giant cockroaches
  5 goblins
  6 hobgoblins
  4 jackals (D:1)
  9 kobolds
  A quokka (D:3)
  A ball python (D:4)
  2 bats
  6 frilled lizards
  A quokka skeleton (D:5)
  2 rats
75 creatures vanquished.

Notes
Turn   | Place    | Note
-------+----------+-------------------------------------------
     0 | D:1      | okapi the Deep Elf Fire Elementalist began the quest for
                  | the Orb.
     0 | D:1      | Reached XP level 1. HP: 10/10 MP: 6/6
   331 | D:1      | Reached XP level 2. HP: 13/15 MP: 4/8
  1086 | D:2      | Noticed Terence
  1106 | D:2      | Killed Terence
  1106 | D:2      | Reached skill level 4 in Fire Magic
  1106 | D:2      | Reached XP level 3. HP: 11/19 MP: 6/10
  1233 | D:1      | Learned a level 3 spell: Conjure Flame
  2061 | D:2      | Found a shattered altar of Ashenzari.
  2062 | D:2      | Found a sacrificial altar of Ru.
  2062 | D:2      | Found a blossoming altar of Fedhas.
  2217 | D:2      | Reached XP level 4. HP: 14/24 MP: 11/11
  2763 | D:3      | Learned a level 4 spell: Sticky Flame
  3605 | D:3      | Found a shimmering altar of Xom.
  4605 | D:4      | Reached skill level 5 in Fire Magic
  4605 | D:4      | Reached XP level 5. HP: 28/28 MP: 13/13
  4839 | D:4      | Found a staircase to the Ecumenical Temple.
  4849 | Temple   | Entered the Ecumenical Temple
  4935 | Temple   | Became a worshipper of Sif Muna the Loreminder
  5004 | D:4      | Found a runed translucent door.
  5005 | D:4      | Noticed Crazy Yiuf
  5197 | D:4      | Learned a level 5 spell: Fireball
  5203 | D:4      | Noticed an ogre
  5212 | D:4      | Killed an ogre
  5212 | D:4      | Reached XP level 6. HP: 32/32 MP: 14/15
  5236 | D:4      | Reached skill level 5 in Spellcasting
  5666 | D:4      | Found a shadowy altar of Dithmenos.
  5803 | D:5      | Entered Level 5 of the Dungeon
  6370 | D:5      | Found an ornate altar of the Wu Jian Council.
  6814 | D:5      | Reached skill level 6 in Fire Magic
  7034 | D:5      | Reached XP level 7. HP: 16/36 MP: 16/17
  7157 | D:5      | Reached skill level 5 in Conjurations
  7198 | D:5      | Reached * piety under Sif Muna
  7200 | D:5      | Slain by a gnoll

Levels and vault maps discovered:
D:1:      onia_arrival_mini_spirals, layout_basic, minmay_crystal_room,
          minmay_misc_feat_doors
D:2:      layout_loops_cross, chequers_temple_overflow_statue_of_worship,
          uniq_terence
D:3:      layout_basic, led_xom_imps, minmay_liquid_box, solitary_fountain
D:4:      layout_basic, grunt_dithmenos_smoke,
          minmay_temple_entry_statues_fountains, first_ration,
          due_unseen_surprise, uniq_crazy_yiuf_cottage
D:5:      layout_cave_pools, overflow_temple_1_default,
          nicolae_gozag_seed_capital, minivault_11, minmay_puff
Temple:   minmay_temple_curvy_loop

Skill      XL: |  1  2  3  4  5  6  7 |
---------------+----------------------+-----
Conjurations   | 2 3 4 5 |  5.0
Fire Magic     | 4 5 6 |  6.1
Spellcasting   | 4 5 |  5.7
Dodging        | |  2.4
Stealth        | |  2.4

Action                   |  1- 3 |  4- 6 |  7- 9 || total
-------------------------+-------+-------+-------++-------
Melee: Dagger            |       |    49 |       ||    49
Throw: Stone             |    32 |    37 |       ||    69
 Cast: Flame Tongue      |    71 |    98 |    13 ||   182
       Conjure Flame     |       |     1 |       ||     1
       Sticky Flame      |       |     3 |       ||     3
Evoke: Wand              |     1 |     1 |       ||     2
  Use: Scroll            |     3 |    10 |     1 ||    14
       Potion            |     1 |     2 |       ||     3
  Eat: Chunk             |     1 |    11 |       ||    12
       Ration            |     1 |     1 |       ||     2
Armor: Robe              |     1 |    15 |     1 ||    17
Dodge: Dodged            |    18 |    52 |     5 ||    75
